| TOP OF THE 1ST |
|
Mississippi Braves batting - Pitching for Columbia Fireflies : RHP Zhao-ying Joe
|
|
Pitching: RHP Zhao-ying Joe
|
|
|
Batting: RHB Hieronim Rutkowski
|
0-0: Ball 1-0: Called Strike 1-1: Ground out U3 (Groundball, 3S, EV 75.6 MPH)
|
|
Batting: RHB Luis Revilla
|
0-0: Ball 1-0: Called Strike 1-1: Ground out U3 (Groundball, 3, EV 91.2 MPH)
|
|
Batting: LHB Erik Gretzky
|
0-0: Called Strike 0-1: Ground out 6-3 (Groundball, 6S, EV 81.9 MPH)
|
| Top of the 1st over - 0 runs, 0 hits, 0 errors, 0 left on base; Mississippi 0 - Columbia 0 |
| BOTTOM OF THE 1ST |
|
Columbia Fireflies batting - Pitching for Mississippi Braves : RHP Jeremy Kasten
|
|
Pitching: RHP Jeremy Kasten
|
|
|
Batting: RHB Zhao-ying Joe
|
0-0: Foul Ball, location: 2F 0-1: Ball 1-1: Ball 2-1: Fly out, F9 (Flyball, 9LM, EV 98.1 MPH)
|
|
Batting: SHB Jason Caruso
|
0-0: Ground out 4-3 (Groundball, 4, EV 80.6 MPH)
|
|
Batting: LHB Bayesa Mundhir
|
0-0: Foul Ball, location: 2F 0-1: Ball 1-1: Called Strike 1-2: Ball 2-2: Strikes out swinging
|
| Bottom of the 1st over - 0 runs, 0 hits, 0 errors, 0 left on base; Mississippi 0 - Columbia 0 |
| TOP OF THE 2ND |
|
Mississippi Braves batting - Pitching for Columbia Fireflies : RHP Zhao-ying Joe
|
|
Batting: SHB Bob Morales
|
0-0: Foul Ball, location: 2F 0-1: Ball 1-1: Foul Ball, location: 2F 1-2: Ball 2-2: SINGLE (Flyball, 78S, EV 90.0 MPH)
|
|
Batting: LHB Chad Persaud
|
0-0: Called Strike 0-1: Fielders Choice at 2nd, 6-4 (Groundball, 6, EV 100.6 MPH)
|
|
Batting: RHB John Peterson
|
0-0: Called Strike 0-1: Called Strike Chad Persaud is caught stealing 2nd base 2-4 0-2: Foul Ball, location: 2F 0-2: Ball 1-2: Fly out, F4 (Popup, 4, EV 56.2 MPH)
|
| Top of the 2nd over - 0 runs, 1 hit, 0 errors, 0 left on base; Mississippi 0 - Columbia 0 |
| BOTTOM OF THE 2ND |
|
Columbia Fireflies batting - Pitching for Mississippi Braves : RHP Jeremy Kasten
|
|
Batting: SHB Justin Wallace
|
0-0: Ball 1-0: Swinging Strike 1-1: Ball 2-1: Fly out, F1 (Line Drive, P, EV 75.6 MPH)
|
|
Batting: LHB Tony Leyba
|
0-0: Ball 1-0: Ball 2-0: Foul Ball, location: 2F 2-1: Ball 3-1: Ground out 5-3 (Groundball, 5, EV 85.6 MPH)
|
|
Batting: RHB Artyom Shavkunov
|
0-0: Ball 1-0: Foul Ball, location: 2F 1-1: Foul Ball, location: 2F 1-2: Strikes out swinging
|
| Bottom of the 2nd over - 0 runs, 0 hits, 0 errors, 0 left on base; Mississippi 0 - Columbia 0 |
| TOP OF THE 3RD |
|
Mississippi Braves batting - Pitching for Columbia Fireflies : RHP Zhao-ying Joe
|
|
Batting: LHB Oke Monti
|
0-0: Called Strike 0-1: Called Strike 0-2: DOUBLE (Flyball, 89XD, EV 101.9 MPH)
|
|
Batting: RHB Mike Meeker
|
0-0: Ground out 5-3 (Groundball, 56, EV 79.4 MPH)
|
|
Batting: RHB Alex Velasquez
|
0-0: Foul Ball, location: 2F 0-1: Ball Balk! Oke Monti to third 1-1: SINGLE (Groundball, 25, EV 71.9 MPH) (infield hit)
|
|
Batting: RHB Hieronim Rutkowski
|
0-0: SINGLE (Groundball, 6MD, EV 106.9 MPH) Oke Monti scores Alex Velasquez to second
|
|
Batting: RHB Luis Revilla
|
0-0: Ball 1-0: Called Strike 1-1: Ball 2-1: Ball 3-1: SINGLE (Groundball, 56, EV 96.2 MPH) (infield hit) Alex Velasquez to third Hieronim Rutkowski to second
|
|
Batting: LHB Erik Gretzky
|
0-0: Ball 1-0: Called Strike 1-1: Foul Ball, location: 2F 1-2: Ball 2-2: Reached on error, E5 (Groundball, 5S, EV 79.4 MPH) Alex Velasquez scores Hieronim Rutkowski to third Luis Revilla to second
|
|
Batting: SHB Bob Morales
|
0-0: Called Strike 0-1: Swinging Strike 0-2: Ball 1-2: Strikes out looking
|
|
Batting: LHB Chad Persaud
|
0-0: Fielders Choice at 2nd, U6 (Groundball, 6M, EV 93.1 MPH)
|
| Top of the 3rd over - 2 runs, 4 hits, 1 error, 3 left on base; Mississippi 2 - Columbia 0 |
| BOTTOM OF THE 3RD |
|
Columbia Fireflies batting - Pitching for Mississippi Braves : RHP Jeremy Kasten
|
|
Batting: RHB Jake Geib
|
0-0: Called Strike 0-1: Swinging Strike 0-2: Strikes out looking
|
|
Batting: RHB Dan Muse
|
0-0: Ball 1-0: Foul Ball, location: 2F 1-1: Fly out, F8 (Flyball, 8LD, EV 90.6 MPH)
|
|
Batting: SHB Callum Lynch
|
0-0: Reached on error, E4 (Groundball, 4M, EV 86.2 MPH)
|
|
Batting: RHB Zhao-ying Joe
|
0-0: Called Strike 0-1: Foul Ball, location: 2F 0-2: Foul Ball, location: 2F 0-2: Ball 1-2: Ground out 6-3 (Groundball, 6, EV 78.8 MPH)
|
| Bottom of the 3rd over - 0 runs, 0 hits, 1 error, 1 left on base; Mississippi 2 - Columbia 0 |
| TOP OF THE 4TH |
|
Mississippi Braves batting - Pitching for Columbia Fireflies : RHP Zhao-ying Joe
|
|
Batting: RHB John Peterson
|
0-0: Ball 1-0: Swinging Strike 1-1: Ground out 4-3 (Groundball, 13, EV 85.0 MPH)
|
|
Batting: LHB Oke Monti
|
0-0: Ball 1-0: Ball 2-0: Called Strike 2-1: Called Strike 2-2: Foul Ball, location: 2F 2-2: Fly out, F8 (Line Drive, 8LM, EV 90.6 MPH)
|
|
Batting: RHB Mike Meeker
|
0-0: Swinging Strike 0-1: Ball 1-1: Fly out, F7 (Flyball, 78D, EV 95.6 MPH)
|
| Top of the 4th over - 0 runs, 0 hits, 0 errors, 0 left on base; Mississippi 2 - Columbia 0 |
| BOTTOM OF THE 4TH |
|
Columbia Fireflies batting - Pitching for Mississippi Braves : RHP Jeremy Kasten
|
|
Batting: SHB Jason Caruso
|
0-0: Ball 1-0: Called Strike 1-1: Foul Ball, location: 2F 1-2: Fly out, F8 (Flyball, 8RD, EV 78.1 MPH)
|
|
Batting: LHB Bayesa Mundhir
|
0-0: Ball 1-0: Ball 2-0: Called Strike 2-1: Foul Ball, location: 2F 2-2: Ball 3-2: Ground out 5-3 (Groundball, 5, EV 83.8 MPH)
|
|
Batting: SHB Justin Wallace
|
0-0: Ball 1-0: Ball 2-0: Fly out, F7 (Flyball, 7, EV 83.1 MPH)
|
| Bottom of the 4th over - 0 runs, 0 hits, 0 errors, 0 left on base; Mississippi 2 - Columbia 0 |
| TOP OF THE 5TH |
|
Mississippi Braves batting - Pitching for Columbia Fireflies : RHP Zhao-ying Joe
|
|
Batting: RHB Alex Velasquez
|
0-0: Swinging Strike 0-1: Ball 1-1: Ball 2-1: Ground out 6-3 (Groundball, 56D, EV 95.6 MPH)
|
|
Batting: RHB Hieronim Rutkowski
|
0-0: Ball 1-0: Swinging Strike 1-1: Foul Ball, location: 2F 1-2: Strikes out looking
|
|
Batting: RHB Luis Revilla
|
0-0: Swinging Strike 0-1: Ground out 6-3 (Groundball, 6, EV 80.0 MPH)
|
| Top of the 5th over - 0 runs, 0 hits, 0 errors, 0 left on base; Mississippi 2 - Columbia 0 |
| BOTTOM OF THE 5TH |
|
Columbia Fireflies batting - Pitching for Mississippi Braves : RHP Jeremy Kasten
|
|
Batting: LHB Tony Leyba
|
0-0: Called Strike 0-1: Fly out, F8 (Line Drive, 89D, EV 92.5 MPH)
|
|
Batting: RHB Artyom Shavkunov
|
0-0: Ball 1-0: Ground out 4-3 (Groundball, 4, EV 85.0 MPH)
|
|
Batting: RHB Jake Geib
|
0-0: Called Strike 0-1: Ball 1-1: Ball 2-1: Foul Ball, location: 2F 2-2: SINGLE (Line Drive, 4M, EV 97.5 MPH)
|
|
Batting: RHB Dan Muse
|
0-0: Ball 1-0: Ball 2-0: Foul Ball, location: 2F 2-1: Foul Ball, location: 2F 2-2: Strikes out swinging
|
| Bottom of the 5th over - 0 runs, 1 hit, 0 errors, 1 left on base; Mississippi 2 - Columbia 0 |
| TOP OF THE 6TH |
|
Mississippi Braves batting - Pitching for Columbia Fireflies : RHP Zhao-ying Joe
|
|
Batting: LHB Erik Gretzky
|
0-0: Foul Ball, location: 2F 0-1: Foul Ball, location: 2F 0-2: Fly out, F7 (Flyball, 7D, EV 89.4 MPH)
|
|
Batting: SHB Bob Morales
|
0-0: Foul Ball, location: 2F 0-1: Ground out 6-3 (Groundball, 6, EV 103.1 MPH)
|
|
Batting: LHB Chad Persaud
|
0-0: Ball 1-0: Called Strike 1-1: SINGLE (Groundball, 34D, EV 108.1 MPH)
|
|
Batting: RHB John Peterson
|
0-0: Ball 1-0: Ball 2-0: Called Strike Chad Persaud steals 2nd, throwing error, E2 Chad Persaud to third 2-1: Ball 3-1: Foul Ball, location: 2F 3-2: Foul Ball, location: 2F 3-2: Ground out 4-3 (Groundball, 4, EV 81.9 MPH)
|
| Top of the 6th over - 0 runs, 1 hit, 1 error, 1 left on base; Mississippi 2 - Columbia 0 |
| BOTTOM OF THE 6TH |
|
Columbia Fireflies batting - Pitching for Mississippi Braves : RHP Jeremy Kasten
|
|
Batting: SHB Callum Lynch
|
0-0: Foul Ball, location: 2F 0-1: Called Strike 0-2: Foul Ball, location: 2F 0-2: Foul Ball, location: 2F 0-2: Foul Ball, location: 2F 0-2: Ball 1-2: Foul Ball, location: 2F 1-2: Strikes out swinging
|
|
Batting: RHB Zhao-ying Joe
|
0-0: Ground out U3 (Groundball, 34, EV 110.6 MPH)
|
|
Batting: SHB Jason Caruso
|
0-0: Fly out, F7 (Flyball, 78S, EV 85.6 MPH)
|
| Bottom of the 6th over - 0 runs, 0 hits, 0 errors, 0 left on base; Mississippi 2 - Columbia 0 |
| TOP OF THE 7TH |
|
Mississippi Braves batting - Pitching for Columbia Fireflies : RHP Zhao-ying Joe
|
|
Batting: LHB Oke Monti
|
0-0: Swinging Strike 0-1: Called Strike 0-2: Fly out, F8 (Flyball, 8LM, EV 88.1 MPH)
|
|
Batting: RHB Mike Meeker
|
0-0: SINGLE (Flyball, 7S, EV 92.5 MPH)
|
|
Batting: RHB Alex Velasquez
|
0-0: Called Strike 0-1: Reached on error, E4 (Groundball, 4, EV 85.0 MPH) Mike Meeker to second
|
|
Batting: RHB Hieronim Rutkowski
|
0-0: Called Strike 0-1: Ball 1-1: Ball 2-1: Fly out, F9 (Flyball, 9D, EV 103.8 MPH) Runner from 2nd tags up, SAFE at 3rd, no throw by RF
|
|
Batting: RHB Luis Revilla
|
0-0: Fielders Choice at 2nd, 6-4 (Groundball, 6, EV 80.0 MPH)
|
| Top of the 7th over - 0 runs, 1 hit, 1 error, 2 left on base; Mississippi 2 - Columbia 0 |
| BOTTOM OF THE 7TH |
|
Columbia Fireflies batting - Pitching for Mississippi Braves : RHP Jeremy Kasten
|
|
Batting: LHB Bayesa Mundhir
|
0-0: Called Strike 0-1: Ball 1-1: Ball 2-1: Ball 3-1: Foul Ball, location: 2F 3-2: Base on Balls
|
|
Batting: SHB Justin Wallace
|
0-0: Called Strike 0-1: Ball 1-1: Called Strike 1-2: Ball 2-2: Foul Ball, location: 2F 2-2: Grounds into double play, 4-6-3 (Groundball, 34, EV 84.4 MPH)
|
|
Batting: LHB Tony Leyba
|
0-0: Ball 1-0: Called Strike 1-1: Foul Ball, location: 2F 1-2: Ball 2-2: Ball 3-2: Strikes out swinging
|
| Bottom of the 7th over - 0 runs, 0 hits, 0 errors, 0 left on base; Mississippi 2 - Columbia 0 |
| TOP OF THE 8TH |
|
Mississippi Braves batting - Pitching for Columbia Fireflies : RHP Zhao-ying Joe
|
|
Batting: LHB Erik Gretzky
|
0-0: Ground out 6-3 (Groundball, 6M, EV 108.1 MPH)
|
|
Batting: SHB Bob Morales
|
0-0: Ball 1-0: Called Strike 1-1: Called Strike 1-2: Strikes out swinging
|
|
Batting: LHB Chad Persaud
|
0-0: Called Strike 0-1: Ball 1-1: Foul Ball, location: 2F 1-2: Ball 2-2: Ball 3-2: Base on Balls
|
|
Pitching: LHP Keith Noftall
|
|
|
Batting: RHB John Peterson
|
0-0: Called Strike Chad Persaud is caught stealing 2nd base 2-4
|
| Top of the 8th over - 0 runs, 0 hits, 0 errors, 0 left on base; Mississippi 2 - Columbia 0 |
| BOTTOM OF THE 8TH |
|
Columbia Fireflies batting - Pitching for Mississippi Braves : RHP Jeremy Kasten
|
|
Batting: RHB Artyom Shavkunov
|
0-0: Swinging Strike 0-1: Called Strike 0-2: Ball 1-2: Foul Ball, location: 2F 1-2: Ball 2-2: Foul Ball, location: 2F 2-2: Foul Ball, location: 2F 2-2: Foul Ball, location: 2F 2-2: Foul Ball, location: 2F 2-2: Ball 3-2: Foul Ball, location: 2F 3-2: Strikes out swinging
|
|
Pitching: RHP Bryan Vandenburgh
|
|
|
Batting: RHB Jake Geib
|
0-0: Called Strike 0-1: Fly out, F9 (Flyball, 89M, EV 82.5 MPH)
|
|
Batting: RHB Dan Muse
|
0-0: Foul Ball, location: 2F 0-1: Called Strike 0-2: Strikes out looking
|
| Bottom of the 8th over - 0 runs, 0 hits, 0 errors, 0 left on base; Mississippi 2 - Columbia 0 |
| TOP OF THE 9TH |
|
Mississippi Braves batting - Pitching for Columbia Fireflies : LHP Keith Noftall
|
|
Batting: RHB John Peterson
|
0-0: Called Strike 0-1: Ball 1-1: Fly out, F7 (Flyball, 78D, EV 95.6 MPH)
|
|
Batting: LHB Oke Monti
|
0-0: Ground out 4-3 (Groundball, 4S, EV 72.5 MPH)
|
|
Batting: RHB Mike Meeker
|
0-0: Ball 1-0: Ball 2-0: SOLO HOME RUN (Flyball, 7D, EV 98.8 MPH), Distance : 378 ft
|
|
Batting: RHB Alex Velasquez
|
0-0: Ground out U3 (Groundball, 34S, EV 85.0 MPH)
|
| Top of the 9th over - 1 run, 1 hit, 0 errors, 0 left on base; Mississippi 3 - Columbia 0 |
| BOTTOM OF THE 9TH |
|
Columbia Fireflies batting - Pitching for Mississippi Braves : RHP Bryan Vandenburgh
|
|
Pitching: RHP Alfredo Leiva
|
|
|
Batting: SHB Callum Lynch
|
0-0: Called Strike 0-1: Called Strike 0-2: Strikes out swinging
|
|
Batting: RHB Zhao-ying Joe
|
0-0: Ball 1-0: Called Strike 1-1: Called Strike 1-2: Ball 2-2: Foul Ball, location: 2F 2-2: Strikes out looking
|
|
Batting: SHB Jason Caruso
|
0-0: Ball 1-0: Foul Ball, location: 2F 1-1: Bunt missed! 1-2: SINGLE (Groundball, 6MD, EV 100.6 MPH)
|
|
Batting: LHB Bayesa Mundhir
|
0-0: Foul Ball, location: 2F 0-1: Foul Ball, location: 2F 0-2: Ball 1-2: Strikes out swinging
|
| Bottom of the 9th over - 0 runs, 1 hit, 0 errors, 1 left on base; Mississippi 3 - Columbia 0 |
|